 Dungeon Crawl Stone Soup version 0.31-a0-496-g6f97920a28 (webtiles) character file.

Game seed: 12426585501317685285

932 jasper the Trooper (level 8, -1/64 HPs)
             Began as a Human Fighter on Aug 8, 2023.
             Was a Believer of Uskayaw.
             Slain by an orc
             ... wielding a +0 flail
              (4 damage)
             ... on level 6 of the Dungeon.
             The game lasted 00:08:44 (4100 turns).

jasper the Trooper (Human Fighter)                  Turns: 4100, Time: 00:08:45

Health: -1/64      AC: 12    Str: 16    XL:     8   Next: 33%
Magic:  8/8        EV:  7    Int: 10    God:    Uskayaw [**....]
Gold:   375        SH:  6    Dex: 20    Spells: 7/7 levels left

rFire   . . .        t - +5 flail (drain)
rCold   . . .        c - +0 buckler
rNeg    . . .        u - +1 chain mail {Will+}
rPois   +            s - +0 helmet
rElec   .            (no cloak)
rCorr   .            (no gloves)
SInv    .            m - +0 pair of boots
Will    +....        r - amulet of regeneration Stlth
                     n - +6 ring of dexterity
HPRegen 1.10/turn    h - ring of poison resistance
MPRegen 0.11/turn

%: no passive effects
@: lethally poisoned (-1 -> -3)
A: no striking features
a: Renounce Religion, Stomp, Line Pass


You were on level 6 of the Dungeon.
You worshipped Uskayaw.
Uskayaw was noncommittal.
You visited 2 branches of the dungeon, and saw 7 of its levels.

You collected 375 gold pieces.

Inventory:

Hand Weapons
 a - a +0 long sword
 t - a +5 flail of draining (weapon)
 z - a +0 short sword of draining
Missiles
 d - 20 poisoned darts (quivered)
 q - 3 boomerangs
Armour
 b - a +0 scale mail
 c - a +0 buckler (worn)
 m - a +0 pair of boots (worn)
 s - a +0 helmet (worn)
 u - a +1 chain mail of willpower (worn)
 y - a +0 plate armour of cold resistance
Jewellery
 e - a +6 ring of intelligence
 f - a ring of willpower
 h - a ring of poison resistance (right hand)
 n - a +6 ring of dexterity (left hand)
 r - an amulet of regeneration (around neck)
 x - an amulet of the acrobat
Talismans
 g - a granite talisman
Wands
 i - a wand of flame (16)
Scrolls
 l - a scroll of revelation
 v - a scroll of poison
Potions
 k - a potion of enlightenment
 o - a potion of ambrosia {unknown}
 p - a potion of heal wounds
 w - a potion of cancellation {unknown}


   Skills:
 + Level 6.2 Fighting
 - Level 2.5 Long Blades
 - Level 3.0 Throwing
 - Level 3.6 Armour
 - Level 4.0 Shields
 + Level 4.7 Unarmed Combat


You had 7 spell levels left.
You didn't know any spells.
Your spell library contained the following spells:

 Spells                   Type           Power      Damage    Failure   Level
 Freeze                   Ice            0%         1d3       99%         1
 Sublimation of Blood     Necr           0%         N/A       100%        2
 Frozen Ramparts          Ice            0%         1d1       100%        3
 Hailstorm                Conj/Ice       0%         3d3       100%        3
 Petrify                  Tmut/Erth      0%         N/A       100%        4
 Irradiate                Conj/Tmut      0%         3d11      100%        5


Dungeon Overview and Level Annotations

Branches:
Dungeon (6/15)             Temple (1/1) D:5

Altars:
Ashenzari
Cheibriados
Dithmenos
Elyvilon
Gozag
Hepliaklqana
Makhleb
Nemelex Xobeh
Okawaru
Qazlal
Ru
Sif Muna
Trog
Uskayaw
Wu Jian
Xom
Zin

Shops:
D:3 :


Message History

You take 13 damage, and have 21/64 hp.
MASSIVE DAMAGE!!
You barely miss the orc warrior.
The orc warrior is heavily wounded.
You feel sick. The orc hits you but does no damage.
You hear some strange, mumbled words.
A puff of flame appears from out of thin air!
The puff of flame misses you. The orc warrior barely misses you.
Something hits you but does no damage.
You feel much better.
You feel sick.
You are no longer poisoned.
The orc barely misses you. The orc warrior closely misses you.
Something hits you. Something hits you but does no damage.
You regained 14 hp, and now have 36/64 hp.
You closely miss the orc warrior.
The orc warrior is heavily wounded.
The orc barely misses you. The orc warrior closely misses you.
Something hits you but does no damage. You block something's attack.
Something hits you but does no damage. x2; The orc hits you with a +0 flail.
The orc warrior hits you with a +0 halberd!
You take 12 damage, and have 24/64 hp.
You hit the orc warrior. You drain the orc warrior.
The orc warrior is severely wounded.
You flicker back into view.
The orc hits you but does no damage. Something hits you but does no damage.
You are poisoned.
The orc warrior hits you but does no damage.
Something hits you but does no damage.
You completely miss the orc warrior.
The orc warrior is severely wounded.
You feel very sick. You block the orc's attack.
The orc warrior hits you with a +0 halberd!
* * * LOW HITPOINT WARNING * * *
Something hits you but does no damage.
You hear some strange, mumbled words.
A puff of flame appears from out of thin air!
The puff of flame hits you!
* * * LOW HITPOINT WARNING * * *
The orc hits you with a +0 flail.
You die...

######## ### #......#
....
#####......#######.....
....^.........{{o......
#..........@o......
#.)..####.####.....
####....#.......# ...
###.......#.......# .
..........#.......#
....<.....^..._...^.
..........#.......#).
##.....#..#.......#.##
.......##.#......(# #


You could see an orc warrior (very drained) and an orc.

Vanquished Creatures
  Edmund (D:5)
  Duvessa (D:4)
  An ogre (D:4)
  A scorpion (D:5)
  Dowan (D:4)
  A jelly (D:4)
  A gnoll bouda (D:5)
  3 orc priests
  4 iguanas
  3 orc wizards (D:4)
  4 gnolls
  11 adders
  A worm (D:2)
  A dart slug (D:2)
  15 orcs
  8 ball pythons
  6 endoplasms
  3 giant cockroaches
  5 goblins
  6 hobgoblins
  3 kobolds
  2 quokkas
  6 bats
  6 frilled lizards
  11 rats
  A spectral goblin (D:2)
106 creatures vanquished.

Vanquished Creatures (others)
  An orc wizard (D:4)
1 creature vanquished.

Grand Total: 107 creatures vanquished

Notes
Turn   | Place    | Note
-------+----------+-------------------------------------------
     0 | D:1      | jasper the Human Fighter began the quest for the Orb.
     0 | D:1      | Reached XP level 1. HP: 18/18 MP: 1/1
   172 | D:1      | Reached XP level 2. HP: 24/24 MP: 2/2
   802 | D:1      | Reached XP level 3. HP: 29/29 MP: 3/3
   997 | D:2      | Found a faded altar of an unknown god.
  1009 | D:2      | Prayed at the altar of an unknown god.
  1009 | D:2      | Became a worshipper of Uskayaw the Reveller
  1009 | D:2      | Reached * piety under Uskayaw
  1168 | D:2      | Reached XP level 4. HP: 31/35 MP: 4/4
  1903 | D:3      | Found Qufoh's Book Boutique.
  2259 | D:3      | Found a sparkling altar of Nemelex Xobeh.
  2320 | D:3      | Reached ** piety under Uskayaw
  2322 | D:3      | Reached XP level 5. HP: 42/42 MP: 5/5
  2324 | D:3      | Reached *** piety under Uskayaw
  2336 | D:3      | Reached skill level 4 in Fighting
  2436 | D:3      | Reached skill level 1 in Unarmed Combat
  2532 | D:4      | Noticed an ogre
  2539 | D:4      | Noticed Duvessa
  2541 | D:4      | Noticed Dowan
  2542 | D:4      | Killed an ogre
  2543 | D:4      | Reached XP level 6. HP: 49/49 MP: 6/6
  2553 | D:4      | Reached **** piety under Uskayaw
  2556 | D:4      | Killed Duvessa
  2573 | D:4      | Reached skill level 5 in Fighting
  2581 | D:4      | Killed Dowan
  2582 | D:4      | Reached XP level 7. HP: 44/56 MP: 7/7
  2754 | D:4      | Reached skill level 1 in Throwing
  3078 | D:4      | Found a shimmering altar of Xom.
  3078 | D:4      | Found an iron altar of Okawaru.
  3078 | D:4      | Found a hazy altar of Hepliaklqana.
  3327 | D:5      | Entered Level 5 of the Dungeon
  3644 | D:5      | Found a staircase to the Ecumenical Temple.
  3697 | D:5      | Noticed Edmund
  3710 | D:5      | Killed Edmund
  3711 | D:5      | Reached skill level 6 in Fighting
  3711 | D:5      | Reached XP level 8. HP: 56/64 MP: 8/8
  3964 | D:5      | Found a sacrificial altar of Ru.
  4029 | Temple   | Entered the Ecumenical Temple
  4073 | D:6      | Found a burning altar of Makhleb.
  4100 | D:6      | HP: 3/64 [something/puff of flame (10)]
  4100 | D:6      | Slain by an orc

Illustrated notes

Levels and vault maps discovered:
D:1:      matt_arrival_los_fun, layout_basic
D:2:      layout_basic, dreamdust_ecumenical_altar_drowned_temple
D:3:      layout_loops_cross, nemelex_dance_club_becter, serial_shops, shop
D:4:      cheibrodos_pilgrimage, layout_loops_ring,
          gammafunk_temple_overflow_claw, serial_glass, glass_columns_b,
          glass_columns_a, uniq_duvessa
D:5:      layout_cave_pools, lemuel_coloured_pillars_altar, temple_doors_e,
          uniq_edmund
D:6:      layout_basic, lemuel_tele_altar, grunt_temple_overflow_cloverleaf,
          uniq_crazy_yiuf_cottage, uniq_prince_ribbit1, uniq_eustachio
Temple:   nicolae_temple_ecumenical_triangle

Skill      XL: |  1  2  3  4  5  6  7  8 |
---------------+-------------------------+-----
Fighting       | 4 5 6 |  6.2
Shields        | 4 |  4.0
Unarmed Combat | 2 3 4 |  4.7
Throwing       | 2 3 |  3.0
Long Blades    | |  2.5
Armour         | |  3.6

Action                     |  1- 3 |  4- 6 |  7- 9 || total
---------------------------+-------+-------+-------++-------
  Melee: Long sword        |    90 |   125 |   104 ||   319
         Flail             |       |       |    33 ||    33
  Throw: Boomerang         |       |     1 |       ||     1
         Dart              |       |       |    13 ||    13
  Evoke: Wand              |       |       |     2 ||     2
    Use: Scroll            |       |     3 |     7 ||    10
         Potion            |       |     2 |     5 ||     7
   Stab: Invisible         |       |     3 |     2 ||     5
         Paralysed         |       |     4 |     3 ||     7
 Armour: Scale mail        |    55 |    64 |    21 ||   140
         Chain mail        |       |       |    85 ||    85
  Dodge: Dodged            |    34 |    51 |    50 ||   135
  Block: Buckler           |    20 |    42 |    61 ||   123

Table legend: (Time is in decaauts)
 A = Elapsed time spent in this place.
 B = Non-inter-level travel time spent in this place.
 C = Inter-level travel time spent in this place.
 D = Time resting spent in this place.
 E = Time spent auto-exploring this place.
 F = Levels seen in this place.
 G = Mean time per level.
                   A        B        C        D        E       F      G
               +--------+--------+--------+--------+--------+-----+--------+
         Total |   4225 |   3995 |    230 |    148 |   2771 |   7 |  603.6 |
       Dungeon |   4223 |   3993 |    230 |    148 |   2771 |   6 |  703.8 |
        Temple |      1 |      1 |      0 |      0 |      0 |   1 |    1.0 |
               +--------+--------+--------+--------+--------+-----+--------+

Top non-repeatable levels by time:
     D:4: 990 daAuts
     D:2: 943 daAuts
     D:1: 926 daAuts
     D:3: 661 daAuts
     D:5: 654 daAuts
     D:6: 48 daAuts
  Temple: 1 daAuts
